Sabres vs Blue Jackets

Created - 25 janvier 2024 at 10:06

Goals
1 2 3 OT1 T
Sabres 0 1 1 1 3
Blue Jackets 1 1 0 0 2
Shots
1 2 3 OT1 T
Sabres 10 11 3 2 26
Blue Jackets 10 9 6 0 25

GoalsPenalties
1st period
1. Blue Jackets , Frederick Gaudreau 16 (Matthew Boldy 19, Trevor Moore 11) at 16:58
J.T. Miller (CLB) for Holding (Minor) at 8:53
2nd period
2. Blue Jackets , Matthew Boldy 19 (J.T. Miller 38) at 0:56 (PP)
3. Sabres , Jacob Trouba 3 (Martin Necas 24, Jason Robertson 40) at 8:35
Mikhail Sergachev (BUF) for Diving (Minor) at 0:45
Jaden Schwartz (CLB) for Boarding (Minor) at 3:14
Sam Lafferty (CLB) for Elbowing (Minor) at 10:30
Tyler Myers (BUF) for Holding (Minor) at 19:16
3rd period
4. Sabres , Claude Giroux 31 (Jason Robertson 41) at 19:33
Tyler Myers (BUF) for Hooking (Minor) at 7:02
Claude Giroux (BUF) for Cross-checking (Minor) at 11:00
Mason Marchment (BUF) for Tripping (Minor) at 16:38
Overtime #1
5. Sabres , Adam Lowry 6 (Jason Robertson 42) at 0:14
No Penalty
Goalie Stats
Marc-Andre Fleury (BUF), 23 saves from 25 shots - (0,920), W, 22-20-7, 59:54 minutes
Thatcher Demko (CLB), 23 saves from 26 shots - (0,885), OTL, 28-18-6, 60:14 minutes
3 StarsOfficial
1 - Jason Robertson (BUF)
2 - Jacob Trouba (BUF)
3 - Adam Lowry (BUF)
Referees : Frederick L'Ecuyer and Jacob Brenk
Linesman : Derek Nansen and Kaylah Krieger
Game Note
No Game Note
Finance
Level 1 -- Attendance: 6256 (99%) -- Ticket Income $563,040
Level 2 -- Attendance: 4926 (91%) -- Ticket Income $270,930
Level 3 -- Attendance: 3611 (97%) -- Ticket Income $108,330
Level 4 -- Attendance: 4020 (87%) -- Ticket Income $72,360
Luxury Box -- Attendance: 921 (84%) -- Ticket Income $170,385
Game was played at the Nationwide Arena.
Total Attendance: 19734 (93%)
Total Ticket Income: $1,185,045
Other Income: $355,514
Total Income: $1,540,559



Team Name Goals Shots Shots Attemp Shots Blocked PIM HIT PP PK FO%
Sabres 326551210300 / 3 (0%)143%
Blue Jackets 22555116191 / 5 (20%)057%

Sabres
Player Name POS G A P +/- PIM HIT SHT SB MP PP MP PP SHT PK MP PK SHT FO% FOT GA TA
Adam LowryC1011042016:052:4903:21038% 810
Brandon CarloD0000031221:132:4904:0300% 000
Chad RuhwedelD0000020113:140:0001:3100% 000
Claude GirouxC/RW1012231222:102:5903:35050% 3010
Eric RobinsonLW000001009:390:0000:0000% 100
Jacob TroubaD1012025127:223:0824:0400% 000
Jason RobertsonLW/RW0333026123:092:5914:3500% 230
Jason ZuckerLW/RW000-1012015:172:4600:0000% 000
Jujhar KhairaC/LW000000108:220:1200:0300% 000
Luke KuninC/RW000003009:230:1201:0400% 111
Martin NecasC/RW0112031018:022:5900:00050% 200
Mason MarchmentLW/RW0000200113:442:4601:3100% 000
Mathieu JosephLW/RW000-1000015:020:1201:5800% 000
Mikhail SergachevD0002241027:483:0804:1400% 002
Nazem KadriC000-1004115:402:4620:07043% 710
Oskar LindblomLW000002207:550:0000:0000% 010
Sebastien AhoD0000000011:410:0000:0000% 000
Tyler MyersD000-1400316:440:0002:2200% 001
Blue Jackets
Player Name POS G A P +/- PIM HIT SHT SB MP PP MP PP SHT PK MP PK SHT FO% FOT GA TA
Aaron EkbladD000-1000021:445:4702:2100% 010
Alexander KerfootLW/RW000-2021121:053:3102:4300% 000
Andreas AthanasiouLW/RW000000209:200:0500:0000% 000
David SavardD0000001218:322:2002:2100% 012
Erik GudbransonD0000011115:170:0000:0000% 000
Frederick GaudreauC/LW1010023118:533:3103:06044% 1800
J.T. MillerC/LW/RW0110233119:064:3100:54070% 2310
Jaden SchwartzLW0000201010:090:0500:0800% 000
Jamie OleksiakD000-1030327:295:4703:3600% 002
Jason DickinsonC/LW000-1011112:320:0003:06060% 500
Jonathan MarchessaultLW/RW0000002017:303:3100:00050% 200
Kailer YamamotoRW0000002010:100:0500:0000% 000
Matthew BoldyLW/RW1120024016:504:3120:0000% 000
Mattias EkholmD000-1010123:132:2003:3600% 002
Sam LaffertyC/LW/RW000-2210010:140:0000:15033% 301
Seth JarvisRW0000023013:534:3100:0000% 000
Simon BenoitD0000010013:590:0000:0000% 000
Trevor MooreLW/RW0110001014:460:0001:4200% 011

Sabres

5 vs 5 Forward
Line #Left WingCenterRight WingPHYDFOFWanted %Time %Time Play
1Jason RobertsonClaude GirouxMartin Necas0144034%15:17
2Jason ZuckerNazem KadriMathieu Joseph1223028%12:53
3Eric RobinsonAdam LowryMason Marchment1312021%9:19
4Oskar LindblomJujhar KhairaLuke Kunin2301017%7:55
5 vs 5 Defense
Line #DefenseDefensePHYDFOFWanted %Time %Time Play
1Mikhail SergachevJacob Trouba1314341%18:47
2Brandon CarloTyler Myers1313233%14:57
3Chad RuhwedelSebastien Aho1402024%10:51
4Mikhail SergachevJacob Trouba04152%0:49
Power Play Forward
Line #Left WingCenterRight WingPHYDFOFWanted %Time %Time Play
1Jason RobertsonClaude GirouxMartin Necas0056054%3:11
2Jason ZuckerNazem KadriMason Marchment0144046%2:46
Power Play Defense
Line #DefenseDefensePHYDFOFWanted %Time %Time Play
1Mikhail SergachevJacob Trouba0146053%3:08
2Brandon CarloAdam Lowry0144047%2:49
Penalty Kill 4 Players Forward
Line #CenterWingPHYDFOFWanted %Time %Time Play
1Claude GirouxJason Robertson0506082%6:40
2Adam LowryMathieu Joseph0504018%1:27
Penalty Kill 4 Players Defense
Line #DefenseDefensePHYDFOFWanted %Time %Time Play
1Mikhail SergachevJacob Trouba0506050%4:04
2Brandon CarloTyler Myers0504050%4:03
Penalty Kill 3 Players
Line #WingPHYDFOFWanted %Time %Time PlayDefenseDefensePHYDFOFWanted %Time %Time Play
1Adam Lowry050600%0:00 Mikhail SergachevJacob Trouba050600%0:00
2Claude Giroux050400%0:00 Brandon CarloTyler Myers050400%0:00
4 vs 4 Forward
Line #CenterWingPHYDFOFWanted %Time %Time Play
1Claude GirouxJason Robertson032600%0:00
2Martin NecasJason Zucker041400%0:00
4 vs 4 Defense
Line #DefensePHYDFOFWanted %Time %Time Play
1Mikhail SergachevJacob Trouba041650%0:00
2Brandon CarloTyler Myers050350%0:00
Last Minutes Offensive
Left WingCenterRight WingDefenseDefense
Jason RobertsonClaude GirouxMartin NecasMikhail SergachevJacob Trouba
Last Minutes Defensive
Left WingCenterRight WingDefenseDefense
Jason RobertsonClaude GirouxMartin NecasMikhail SergachevJacob Trouba
Time
Total ForwardTotal DefenseLast Minutes OffensiveLast Minutes Defensive
60:00 60:00 0:320:00
Extra Forwards
Normal PowerPlayPenalty Kill
Adam Lowry, Jason Zucker, Eric RobinsonAdam Lowry, Jason ZuckerAdam Lowry
Extra Defensemen
Normal PowerPlayPenalty Kill
Tyler Myers, Chad Ruhwedel, Sebastien AhoTyler Myers, Tyler MyersChad Ruhwedel
Penalty Shots
Jason Robertson, Claude Giroux, Martin Necas, Nazem Kadri, Adam Lowry
Goalie
Marc-Andre Fleury, Spencer Knight
Scratches
Cam York (Healthy)

Blue Jackets

5 vs 5 Forward
Line #Left WingCenterRight WingPHYDFOFWanted %Time %Time Play
1Jonathan MarchessaultJ.T. MillerAlexander Kerfoot1223731%14:10
2Matthew BoldyFrederick GaudreauTrevor Moore1223329%13:23
3Jaden SchwartzJason DickinsonSeth Jarvis1222020%8:53
4Andreas AthanasiouSam LaffertyKailer Yamamoto1311020%8:57
5 vs 5 Defense
Line #DefenseDefensePHYDFOFWanted %Time %Time Play
1Jamie OleksiakMattias Ekholm1314037%16:48
2Aaron EkbladDavid Savard1223031%13:51
3Erik GudbransonSimon Benoit1402028%12:40
4Erik GudbransonJamie Oleksiak131105%2:04
Power Play Forward
Line #Left WingCenterRight WingPHYDFOFWanted %Time %Time Play
1Matthew BoldyJ.T. MillerSeth Jarvis0146057%4:36
2Jonathan MarchessaultFrederick GaudreauAlexander Kerfoot0234043%3:31
Power Play Defense
Line #DefenseDefensePHYDFOFWanted %Time %Time Play
1Aaron EkbladJamie Oleksiak1226071%5:47
2Mattias EkholmDavid Savard1224029%2:20
Penalty Kill 4 Players Forward
Line #CenterWingPHYDFOFWanted %Time %Time Play
1Frederick GaudreauJason Dickinson1406075%4:26
2J.T. MillerAlexander Kerfoot1404025%1:31
Penalty Kill 4 Players Defense
Line #DefenseDefensePHYDFOFWanted %Time %Time Play
1Mattias EkholmJamie Oleksiak1406061%3:36
2David SavardAaron Ekblad1404039%2:21
Penalty Kill 3 Players
Line #WingPHYDFOFWanted %Time %Time PlayDefenseDefensePHYDFOFWanted %Time %Time Play
1J.T. Miller140600%0:00 Mattias EkholmJamie Oleksiak140600%0:00
2Frederick Gaudreau140400%0:00 David SavardErik Gudbranson140400%0:00
4 vs 4 Forward
Line #CenterWingPHYDFOFWanted %Time %Time Play
1J.T. MillerJonathan Marchessault122600%0:00
2Frederick GaudreauMatthew Boldy122400%0:00
4 vs 4 Defense
Line #DefensePHYDFOFWanted %Time %Time Play
1Aaron EkbladMattias Ekholm122600%0:00
2Jamie OleksiakDavid Savard122400%0:00
Last Minutes Offensive
Left WingCenterRight WingDefenseDefense
Jonathan MarchessaultJ.T. MillerMatthew BoldyAaron EkbladMattias Ekholm
Last Minutes Defensive
Left WingCenterRight WingDefenseDefense
Jason DickinsonJ.T. MillerAlexander KerfootMattias EkholmJamie Oleksiak
Time
Total ForwardTotal DefenseLast Minutes OffensiveLast Minutes Defensive
60:00 60:00 0:000:33
Extra Forwards
Normal PowerPlayPenalty Kill
Kailer Yamamoto, Seth Jarvis, Trevor MooreKailer Yamamoto, Seth JarvisTrevor Moore
Extra Defensemen
Normal PowerPlayPenalty Kill
Erik Gudbranson, Aaron Ekblad, Mattias EkholmErik Gudbranson, Erik GudbransonMattias Ekholm
Penalty Shots
J.T. Miller, Jonathan Marchessault, Matthew Boldy, Seth Jarvis, Aaron Ekblad
Goalie
Thatcher Demko, James Reimer
Scratches
Evan Bouchard (Sprained Right Finger Injury), Philipp Kurashev (Torn Left MCL Injury)


Play-by-Play

1st period


0:01 of 1st period - J.T. Miller wins face-off versus Claude Giroux in neutral zone.
1:15 of 1st period - Wrist shot by Nazem Kadri.
1:15 of 1st period - Stopped by Thatcher Demko with a rebound.
1:17 of 1st period - Slapshot by Mikhail Sergachev.
1:17 of 1st period - Shot Misses the Net.
1:37 of 1st period - Snap shot by Mikhail Sergachev.
1:37 of 1st period - Shot Blocked by David Savard.
1:39 of 1st period - Wrist shot by Jason Zucker.
1:39 of 1st period - Shot Misses the Net.
1:47 of 1st period - Slapshot by Mathieu Joseph.
1:47 of 1st period - Shot Hit the Post.
1:49 of 1st period - Slapshot by Mikhail Sergachev.
1:49 of 1st period - Shot Misses the Net.
1:51 of 1st period - Backhand shot by Jacob Trouba.
1:51 of 1st period - Stopped by Thatcher Demko without a rebound.
1:52 of 1st period - Claude Giroux wins face-off versus J.T. Miller in Blue Jackets zone.
2:32 of 1st period - Backhand shot by Matthew Boldy.
2:32 of 1st period - Shot Blocked by Brandon Carlo.
3:08 of 1st period - Wrist shot by Jaden Schwartz.
3:08 of 1st period - Stopped by Marc-Andre Fleury with a rebound.
3:10 of 1st period - Wrist shot by Seth Jarvis.
3:10 of 1st period - Stopped by Marc-Andre Fleury with a rebound.
3:12 of 1st period - Wrist shot by Seth Jarvis.
3:12 of 1st period - Stopped by Marc-Andre Fleury without a rebound.
3:13 of 1st period - Claude Giroux wins face-off versus Jason Dickinson in Sabres zone.
3:42 of 1st period - Snap shot by Jonathan Marchessault.
3:42 of 1st period - Shot Misses the Net.
3:44 of 1st period - Slapshot by Simon Benoit.
3:44 of 1st period - Deflect By Jonathan Marchessault.
3:44 of 1st period - Shot Blocked by Mason Marchment.
3:44 of 1st period - Puck is out of play.
3:45 of 1st period - J.T. Miller wins face-off versus Adam Lowry in Sabres zone.
3:50 of 1st period - Backhand shot by J.T. Miller.
3:50 of 1st period - Stopped by Marc-Andre Fleury without a rebound.
3:51 of 1st period - Claude Giroux wins face-off versus Frederick Gaudreau in Sabres zone.
4:06 of 1st period - Wrist shot by Claude Giroux.
4:06 of 1st period - Shot Misses the Net.
4:08 of 1st period - Slapshot by Jacob Trouba.
4:08 of 1st period - Shot Blocked by Frederick Gaudreau.
4:41 of 1st period - Off-side.
4:42 of 1st period - Sam Lafferty wins face-off versus Luke Kunin in neutral zone.
4:49 of 1st period - Wrist shot by Kailer Yamamoto.
4:49 of 1st period - Shot Misses the Net.
4:57 of 1st period - Snap shot by Kailer Yamamoto.
4:57 of 1st period - Shot Misses the Net.
5:03 of 1st period - Jamie Oleksiak is hit by Oskar Lindblom and loses puck.
5:29 of 1st period - Tyler Myers is hit by Erik Gudbranson.
5:33 of 1st period - Andreas Athanasiou is hit by Luke Kunin and loses puck.
5:44 of 1st period - Wrist shot by Oskar Lindblom.
5:44 of 1st period - Stopped by Thatcher Demko without a rebound.
5:45 of 1st period - Frederick Gaudreau wins face-off versus Claude Giroux in Blue Jackets zone.
5:49 of 1st period - Off-side.
5:50 of 1st period - Claude Giroux wins face-off versus Frederick Gaudreau in neutral zone.
6:57 of 1st period - Snap shot by Mikhail Sergachev.
6:57 of 1st period - Shot Blocked by Mattias Ekholm.
6:59 of 1st period - Slapshot by Mikhail Sergachev.
6:59 of 1st period - Stopped by Thatcher Demko with a rebound.
8:16 of 1st period - Jason Zucker is hit by Matthew Boldy and loses puck.
8:21 of 1st period - Snap shot by Frederick Gaudreau.
8:21 of 1st period - Shot Blocked by Tyler Myers.
8:23 of 1st period - Snap shot by Matthew Boldy.
8:23 of 1st period - Stopped by Marc-Andre Fleury without a rebound.
8:24 of 1st period - J.T. Miller wins face-off versus Claude Giroux in Sabres zone.
8:29 of 1st period - Slapshot by J.T. Miller.
8:29 of 1st period - Stopped by Marc-Andre Fleury without a rebound.
8:30 of 1st period - J.T. Miller wins face-off versus Claude Giroux in Sabres zone.
8:53 of 1st period - Minor Penalty to J.T. Miller for Holding.
8:54 of 1st period - Claude Giroux wins face-off versus Frederick Gaudreau in Blue Jackets zone.
8:55 of 1st period - Snap shot by Jason Robertson.
8:55 of 1st period - Stopped by Thatcher Demko without a rebound.
8:56 of 1st period - Frederick Gaudreau wins face-off versus Jason Robertson in Blue Jackets zone.
9:07 of 1st period - Snap shot by Claude Giroux.
9:07 of 1st period - Shot Misses the Net.
9:09 of 1st period - Wrist shot by Jacob Trouba.
9:09 of 1st period - Stopped by Thatcher Demko with a rebound.
9:11 of 1st period - Wrist shot by Mikhail Sergachev.
9:11 of 1st period - Shot Misses the Net.
9:13 of 1st period - Slapshot by Claude Giroux.
9:13 of 1st period - Shot Misses the Net.
9:23 of 1st period - Jamie Oleksiak is hit by Jacob Trouba.
10:53 of 1st period - Penalty to J.T. Miller is over, J.T. Miller is back on ice.
11:08 of 1st period - Sam Lafferty is hit by Luke Kunin and loses puck.
11:19 of 1st period - Jujhar Khaira is hit by Sam Lafferty and loses puck.
11:36 of 1st period - Snap shot by Kailer Yamamoto.
11:36 of 1st period - Stopped by Marc-Andre Fleury without a rebound.
11:37 of 1st period - Adam Lowry wins face-off versus Frederick Gaudreau in Sabres zone.
11:37 of 1st period - Adam Lowry is hit by Jamie Oleksiak.
12:04 of 1st period - Brandon Carlo is hit by Jamie Oleksiak and loses puck.
12:29 of 1st period - Snap shot by Jaden Schwartz.
12:29 of 1st period - Shot Misses the Net.
12:31 of 1st period - Wrist shot by Erik Gudbranson.
12:31 of 1st period - Stopped by Marc-Andre Fleury with a rebound.
12:33 of 1st period - Slapshot by Simon Benoit.
12:33 of 1st period - Shot Misses the Net.
12:47 of 1st period - Wrist shot by Matthew Boldy.
12:47 of 1st period - Shot Blocked by Chad Ruhwedel.
13:07 of 1st period - Slapshot by Jason Robertson.
13:07 of 1st period - Stopped by Thatcher Demko without a rebound.
13:08 of 1st period - J.T. Miller wins face-off versus Claude Giroux in Blue Jackets zone.
13:15 of 1st period - Snap shot by Jason Robertson.
13:15 of 1st period - Stopped by Thatcher Demko without a rebound.
13:16 of 1st period - Jonathan Marchessault wins face-off versus Martin Necas in Blue Jackets zone.
13:16 of 1st period - Jonathan Marchessault is hit by Jason Robertson.
13:26 of 1st period - Snap shot by J.T. Miller.
13:26 of 1st period - Shot Misses the Net.
13:32 of 1st period - Snap shot by J.T. Miller.
13:32 of 1st period - Shot Misses the Net.
13:38 of 1st period - Snap shot by Martin Necas.
13:38 of 1st period - Shot Blocked by Jamie Oleksiak.
13:40 of 1st period - Snap shot by Mikhail Sergachev.
13:40 of 1st period - Shot Blocked by Jamie Oleksiak.
14:00 of 1st period - Slapshot by Alexander Kerfoot.
14:00 of 1st period - Shot Blocked by Jacob Trouba.
14:08 of 1st period - Wrist shot by Jason Robertson.
14:08 of 1st period - Stopped by Thatcher Demko without a rebound.
14:09 of 1st period - Frederick Gaudreau wins face-off versus Nazem Kadri in Blue Jackets zone.
14:43 of 1st period - Wrist shot by Adam Lowry.
14:43 of 1st period - Shot Blocked by Jason Dickinson.
14:45 of 1st period - Snap shot by Mason Marchment.
14:45 of 1st period - Shot Misses the Net.
16:06 of 1st period - Snap shot by Adam Lowry.
16:06 of 1st period - Shot Misses the Net.
16:21 of 1st period - Wrist shot by Mathieu Joseph.
16:21 of 1st period - Deflect By Nazem Kadri.
16:21 of 1st period - Stopped by Thatcher Demko without a rebound.
16:22 of 1st period - Frederick Gaudreau wins face-off versus Nazem Kadri in Blue Jackets zone.
16:58 of 1st period - Wrist shot by Frederick Gaudreau.
16:58 of 1st period - Goal by Frederick Gaudreau - Sabres : 0 - Blue Jackets : 1.
16:59 of 1st period - J.T. Miller wins face-off versus Jason Robertson in neutral zone.
17:02 of 1st period - Wrist shot by Alexander Kerfoot.
17:02 of 1st period - Stopped by Marc-Andre Fleury without a rebound.
17:03 of 1st period - Claude Giroux wins face-off versus J.T. Miller in Sabres zone.
17:03 of 1st period - Claude Giroux is hit by Mattias Ekholm.
17:09 of 1st period - Jason Robertson is hit by J.T. Miller and loses puck.
18:36 of 1st period - Mikhail Sergachev is hit by Frederick Gaudreau and loses puck.
19:09 of 1st period - Slapshot by Nazem Kadri.
19:09 of 1st period - Shot Misses the Net.
Goals for this period are 0 for Sabres vs 1 for Blue Jackets.
Shots for this period are 10 for Sabres vs 10 for Blue Jackets.

2nd period


0:01 of 2nd period - Claude Giroux wins face-off versus J.T. Miller in neutral zone.
0:26 of 2nd period - Jacob Trouba is hit by Seth Jarvis and loses puck.
0:35 of 2nd period - Snap shot by Jaden Schwartz.
0:35 of 2nd period - Shot Blocked by Claude Giroux.
0:37 of 2nd period - Slapshot by Aaron Ekblad.
0:37 of 2nd period - Shot Misses the Net.
0:39 of 2nd period - Slapshot by David Savard.
0:39 of 2nd period - Stopped by Marc-Andre Fleury with a rebound.
0:45 of 2nd period - Minor Penalty to Mikhail Sergachev for Diving.
0:46 of 2nd period - Claude Giroux wins face-off versus J.T. Miller in Sabres zone.
0:56 of 2nd period - Wrist shot by Matthew Boldy.
0:56 of 2nd period - Goal by Matthew Boldy - Sabres : 0 - Blue Jackets : 2.
0:57 of 2nd period - J.T. Miller wins face-off versus Claude Giroux in neutral zone.
1:04 of 2nd period - Snap shot by Alexander Kerfoot.
1:04 of 2nd period - Deflect By J.T. Miller.
1:04 of 2nd period - Stopped by Marc-Andre Fleury with a rebound.
1:48 of 2nd period - Eric Robinson is hit by Jamie Oleksiak and loses puck.
1:59 of 2nd period - Wrist shot by Jason Dickinson.
1:59 of 2nd period - Stopped by Marc-Andre Fleury with a rebound.
2:37 of 2nd period - David Savard is hit by Martin Necas and loses puck.
3:14 of 2nd period - Minor Penalty to Jaden Schwartz for Boarding.
3:15 of 2nd period - Nazem Kadri wins face-off versus Frederick Gaudreau in Blue Jackets zone.
3:17 of 2nd period - Wrist shot by Nazem Kadri.
3:17 of 2nd period - Stopped by Thatcher Demko with a rebound.
3:29 of 2nd period - Slapshot by Mikhail Sergachev.
3:29 of 2nd period - Shot Misses the Net.
3:31 of 2nd period - Slapshot by Jacob Trouba.
3:31 of 2nd period - Deflect By Frederick Gaudreau.
3:31 of 2nd period - Stopped by Thatcher Demko with a rebound.
3:41 of 2nd period - Martin Necas is hit by Frederick Gaudreau and loses puck.
5:05 of 2nd period - Jamie Oleksiak is hit by Adam Lowry and loses puck.
5:14 of 2nd period - Penalty to Jaden Schwartz is over, Jaden Schwartz is back on ice.
5:49 of 2nd period - Icing by Chad Ruhwedel.
5:50 of 2nd period - Jason Dickinson wins face-off versus Adam Lowry in Sabres zone.
5:57 of 2nd period - Wrist shot by Jaden Schwartz.
5:57 of 2nd period - Shot Misses the Net.
6:03 of 2nd period - Snap shot by Seth Jarvis.
6:03 of 2nd period - Shot Misses the Net.
6:21 of 2nd period - Snap shot by Frederick Gaudreau.
6:21 of 2nd period - Stopped by Marc-Andre Fleury with a rebound.
6:48 of 2nd period - David Savard is hit by Claude Giroux and loses puck.
7:03 of 2nd period - Wrist shot by Jacob Trouba.
7:03 of 2nd period - Stopped by Thatcher Demko without a rebound.
7:04 of 2nd period - J.T. Miller wins face-off versus Nazem Kadri in Blue Jackets zone.
7:29 of 2nd period - Mikhail Sergachev is hit by Simon Benoit and loses puck.
8:03 of 2nd period - Slapshot by Jonathan Marchessault.
8:03 of 2nd period - Stopped by Marc-Andre Fleury without a rebound.
8:04 of 2nd period - Frederick Gaudreau wins face-off versus Claude Giroux in Sabres zone.
8:07 of 2nd period - Snap shot by Matthew Boldy.
8:07 of 2nd period - Stopped by Marc-Andre Fleury without a rebound.
8:08 of 2nd period - Claude Giroux wins face-off versus Frederick Gaudreau in Sabres zone.
8:21 of 2nd period - Snap shot by Jason Robertson.
8:21 of 2nd period - Stopped by Thatcher Demko without a rebound.
8:22 of 2nd period - Frederick Gaudreau wins face-off versus Claude Giroux in Blue Jackets zone.
8:33 of 2nd period - Snap shot by Martin Necas.
8:33 of 2nd period - Stopped by Thatcher Demko with a rebound.
8:35 of 2nd period - Slapshot by Jacob Trouba.
8:35 of 2nd period - Goal by Jacob Trouba - Sabres : 1 - Blue Jackets : 2.
8:36 of 2nd period - Claude Giroux wins face-off versus Frederick Gaudreau in neutral zone.
9:02 of 2nd period - Jonathan Marchessault is hit by Mikhail Sergachev.
9:06 of 2nd period - Alexander Kerfoot is hit by Brandon Carlo and loses puck.
9:14 of 2nd period - Off-side.
9:15 of 2nd period - Frederick Gaudreau wins face-off versus Adam Lowry in neutral zone.
9:18 of 2nd period - Tyler Myers is hit by Matthew Boldy.
9:42 of 2nd period - Jason Robertson is hit by J.T. Miller and loses puck.
10:09 of 2nd period - Jamie Oleksiak is hit by Jason Zucker and loses puck.
10:28 of 2nd period - Slapshot by Oskar Lindblom.
10:28 of 2nd period - Stopped by Thatcher Demko with a rebound.
10:30 of 2nd period - Minor Penalty to Sam Lafferty for Elbowing.
10:31 of 2nd period - Claude Giroux wins face-off versus Frederick Gaudreau in Blue Jackets zone.
10:56 of 2nd period - Martin Necas is hit by Jason Dickinson.
11:27 of 2nd period - Snap shot by Nazem Kadri.
11:27 of 2nd period - Stopped by Thatcher Demko with a rebound.
11:29 of 2nd period - Snap shot by Adam Lowry.
11:29 of 2nd period - Shot Misses the Net.
11:31 of 2nd period - Wrist shot by Jason Zucker.
11:31 of 2nd period - Shot Blocked by David Savard.
12:30 of 2nd period - Penalty to Sam Lafferty is over, Sam Lafferty is back on ice.
12:39 of 2nd period - Simon Benoit is hit by Luke Kunin and loses puck.
14:05 of 2nd period - Icing by Aaron Ekblad.
14:06 of 2nd period - Frederick Gaudreau wins face-off versus Adam Lowry in Blue Jackets zone.
14:06 of 2nd period - Frederick Gaudreau is hit by Jacob Trouba.
14:40 of 2nd period - Snap shot by Jujhar Khaira.
14:40 of 2nd period - Stopped by Thatcher Demko with a rebound.
15:00 of 2nd period - Snap shot by Jamie Oleksiak.
15:00 of 2nd period - Shot Misses the Net.
15:02 of 2nd period - Wrist shot by Seth Jarvis.
15:02 of 2nd period - Shot Misses the Net.
15:08 of 2nd period - Snap shot by Jaden Schwartz.
15:08 of 2nd period - Shot Blocked by Tyler Myers.
15:22 of 2nd period - Snap shot by Brandon Carlo.
15:22 of 2nd period - Stopped by Thatcher Demko with a rebound.
15:24 of 2nd period - Slapshot by Brandon Carlo.
15:24 of 2nd period - Shot Misses the Net.
15:26 of 2nd period - Snap shot by Mathieu Joseph.
15:26 of 2nd period - Deflect By Jason Zucker.
15:26 of 2nd period - Shot Blocked by Erik Gudbranson.
15:26 of 2nd period - Puck is out of play.
15:27 of 2nd period - Nazem Kadri wins face-off versus J.T. Miller in Blue Jackets zone.
16:02 of 2nd period - Snap shot by Claude Giroux.
16:02 of 2nd period - Deflect By Jason Robertson.
16:02 of 2nd period - Stopped by Thatcher Demko without a rebound.
16:03 of 2nd period - Claude Giroux wins face-off versus Frederick Gaudreau in Blue Jackets zone.
17:02 of 2nd period - Slapshot by Seth Jarvis.
17:02 of 2nd period - Shot Misses the Net.
17:04 of 2nd period - Wrist shot by Seth Jarvis.
17:04 of 2nd period - Stopped by Marc-Andre Fleury without a rebound.
17:05 of 2nd period - Claude Giroux wins face-off versus J.T. Miller in Sabres zone.
17:36 of 2nd period - Snap shot by Trevor Moore.
17:36 of 2nd period - Shot Blocked by Nazem Kadri.
18:01 of 2nd period - Off-side.
18:02 of 2nd period - Claude Giroux wins face-off versus Jonathan Marchessault in neutral zone.
18:05 of 2nd period - Mattias Ekholm is hit by Mikhail Sergachev and loses puck.
18:35 of 2nd period - Slapshot by Frederick Gaudreau.
18:35 of 2nd period - Stopped by Marc-Andre Fleury without a rebound.
18:36 of 2nd period - Claude Giroux wins face-off versus Frederick Gaudreau in Sabres zone.
19:16 of 2nd period - Minor Penalty to Tyler Myers for Holding.
19:17 of 2nd period - J.T. Miller wins face-off versus Claude Giroux in Sabres zone.
Goals for this period are 1 for Sabres vs 1 for Blue Jackets.
Shots for this period are 11 for Sabres vs 9 for Blue Jackets.

3rd period


0:01 of 3rd period - J.T. Miller wins face-off versus Claude Giroux in neutral zone.
1:00 of 3rd period - Matthew Boldy is hit by Brandon Carlo and loses puck.
1:16 of 3rd period - Penalty to Tyler Myers is over, Tyler Myers is back on ice.
1:27 of 3rd period - Snap shot by Andreas Athanasiou.
1:27 of 3rd period - Shot Hit the Post.
1:29 of 3rd period - Slapshot by Kailer Yamamoto.
1:29 of 3rd period - Shot Misses the Net.
1:31 of 3rd period - Snap shot by Andreas Athanasiou.
1:31 of 3rd period - Stopped by Marc-Andre Fleury with a rebound.
1:47 of 3rd period - Erik Gudbranson is hit by Oskar Lindblom and loses puck.
2:18 of 3rd period - Mikhail Sergachev is hit by Alexander Kerfoot and loses puck.
2:59 of 3rd period - Jacob Trouba is hit by J.T. Miller and loses puck.
4:06 of 3rd period - Simon Benoit is hit by Adam Lowry and loses puck.
4:27 of 3rd period - Snap shot by Oskar Lindblom.
4:27 of 3rd period - Shot Misses the Net.
4:37 of 3rd period - Wrist shot by Nazem Kadri.
4:37 of 3rd period - Shot Misses the Net.
5:17 of 3rd period - Aaron Ekblad is hit by Adam Lowry and loses puck.
6:14 of 3rd period - Frederick Gaudreau is hit by Mikhail Sergachev and loses puck.
6:31 of 3rd period - Jonathan Marchessault is hit by Jason Robertson and loses puck.
6:39 of 3rd period - Slapshot by David Savard.
6:39 of 3rd period - Deflect By Jonathan Marchessault.
6:39 of 3rd period - Stopped by Marc-Andre Fleury without a rebound.
6:40 of 3rd period - Nazem Kadri wins face-off versus Jason Dickinson in Sabres zone.
6:49 of 3rd period - Snap shot by Jason Zucker.
6:49 of 3rd period - Stopped by Thatcher Demko with a rebound.
6:51 of 3rd period - Wrist shot by Nazem Kadri.
6:51 of 3rd period - Shot Misses the Net.
6:53 of 3rd period - Snap shot by Jacob Trouba.
6:53 of 3rd period - Deflect By Mathieu Joseph.
6:53 of 3rd period - Shot Hit the Post.
6:53 of 3rd period - Puck is out of play.
6:54 of 3rd period - J.T. Miller wins face-off versus Claude Giroux in Blue Jackets zone.
6:54 of 3rd period - J.T. Miller is hit by Brandon Carlo.
6:59 of 3rd period - Off-side.
7:00 of 3rd period - Martin Necas wins face-off versus J.T. Miller in neutral zone.
7:02 of 3rd period - Minor Penalty to Tyler Myers for Hooking.
7:03 of 3rd period - J.T. Miller wins face-off versus Claude Giroux in Sabres zone.
7:13 of 3rd period - Slapshot by Jason Robertson.
7:13 of 3rd period - Shot Blocked by Jamie Oleksiak.
7:53 of 3rd period - Jonathan Marchessault is hit by Claude Giroux and loses puck.
9:02 of 3rd period - Penalty to Tyler Myers is over, Tyler Myers is back on ice.
9:19 of 3rd period - Backhand shot by Andreas Athanasiou.
9:19 of 3rd period - Deflect By Kailer Yamamoto.
9:19 of 3rd period - Shot Blocked by Brandon Carlo.
9:19 of 3rd period - Puck is out of play.
9:20 of 3rd period - Jason Dickinson wins face-off versus Nazem Kadri in Sabres zone.
10:10 of 3rd period - Trevor Moore is hit by Eric Robinson and loses puck.
10:31 of 3rd period - Snap shot by Jason Zucker.
10:31 of 3rd period - Stopped by Thatcher Demko with a rebound.
10:37 of 3rd period - Slapshot by Nazem Kadri.
10:37 of 3rd period - Deflect By Jason Zucker.
10:37 of 3rd period - Shot Blocked by J.T. Miller.
10:37 of 3rd period - Puck is out of play.
10:38 of 3rd period - J.T. Miller wins face-off versus Claude Giroux in Blue Jackets zone.
10:38 of 3rd period - J.T. Miller is hit by Martin Necas.
10:48 of 3rd period - Snap shot by J.T. Miller.
10:48 of 3rd period - Shot Blocked by Tyler Myers.
11:00 of 3rd period - Minor Penalty to Claude Giroux for Cross-checking.
11:01 of 3rd period - J.T. Miller wins face-off versus Adam Lowry in Sabres zone.
11:12 of 3rd period - Snap shot by J.T. Miller.
11:12 of 3rd period - Shot Blocked by Jason Robertson.
13:00 of 3rd period - Penalty to Claude Giroux is over, Claude Giroux is back on ice.
13:11 of 3rd period - Snap shot by Andreas Athanasiou.
13:11 of 3rd period - Stopped by Marc-Andre Fleury with a rebound.
13:37 of 3rd period - Andreas Athanasiou is hit by Claude Giroux and loses puck.
13:50 of 3rd period - Erik Gudbranson is hit by Chad Ruhwedel and loses puck.
14:11 of 3rd period - Simon Benoit is hit by Adam Lowry and loses puck.
14:26 of 3rd period - Trevor Moore is hit by Mikhail Sergachev.
14:54 of 3rd period - Brandon Carlo is hit by Alexander Kerfoot.
15:08 of 3rd period - Matthew Boldy is hit by Chad Ruhwedel and loses puck.
15:36 of 3rd period - Aaron Ekblad is hit by Martin Necas.
16:38 of 3rd period - Minor Penalty to Mason Marchment for Tripping.
16:39 of 3rd period - J.T. Miller wins face-off versus Claude Giroux in Sabres zone.
16:40 of 3rd period - Wrist shot by Matthew Boldy.
16:40 of 3rd period - Stopped by Marc-Andre Fleury without a rebound.
16:41 of 3rd period - J.T. Miller wins face-off versus Claude Giroux in Sabres zone.
16:58 of 3rd period - Snap shot by Seth Jarvis.
16:58 of 3rd period - Shot Blocked by Claude Giroux.
18:14 of 3rd period - Adam Lowry is hit by Seth Jarvis and loses puck.
18:38 of 3rd period - Penalty to Mason Marchment is over, Mason Marchment is back on ice.
18:49 of 3rd period - Snap shot by Kailer Yamamoto.
18:49 of 3rd period - Stopped by Marc-Andre Fleury with a rebound.
18:51 of 3rd period - Wrist shot by Erik Gudbranson.
18:51 of 3rd period - Shot Misses the Net.
18:53 of 3rd period - Slapshot by Simon Benoit.
18:53 of 3rd period - Shot Misses the Net.
18:55 of 3rd period - Snap shot by Erik Gudbranson.
18:55 of 3rd period - Shot Misses the Net.
18:57 of 3rd period - Snap shot by Trevor Moore.
18:57 of 3rd period - Stopped by Marc-Andre Fleury with a rebound.
19:13 of 3rd period - Sabres, Marc-Andre Fleury is pulled from the net.
19:13 of 3rd period - Slapshot by Jacob Trouba.
19:13 of 3rd period - Shot Blocked by Alexander Kerfoot.
19:33 of 3rd period - Wrist shot by Claude Giroux.
19:33 of 3rd period - Goal by Claude Giroux - Sabres : 2 - Blue Jackets : 2.
19:33 of 3rd period - Marc-Andre Fleury from Sabres was sent back in the game.
19:34 of 3rd period - Jason Dickinson wins face-off versus Eric Robinson in neutral zone.
Goals for this period are 1 for Sabres vs 0 for Blue Jackets.
Shots for this period are 3 for Sabres vs 6 for Blue Jackets.

Overtime #1


0:01 of 1st overtime period - Adam Lowry wins face-off versus Sam Lafferty in neutral zone.
0:10 of 1st overtime period - Wrist shot by Adam Lowry.
0:10 of 1st overtime period - Stopped by Thatcher Demko without a rebound.
0:11 of 1st overtime period - Adam Lowry wins face-off versus Sam Lafferty in Blue Jackets zone.
0:14 of 1st overtime period - Snap shot by Adam Lowry.
0:14 of 1st overtime period - Goal by Adam Lowry - Sabres : 3 - Blue Jackets : 2.
Goals for this period are 1 for Sabres vs 0 for Blue Jackets.
Shots for this period are 2 for Sabres vs 0 for Blue Jackets.